[Event "Early-Titled-Tuesday-Blitz-May-07-2024"]
[Site "Chess.com"]
[Date "2024.05.07"]
[Round "7"]
[White "biveklama"]
[Black "luggevoila"]
[Result "1-0"]
[WhiteElo "2532"]
[BlackElo "2319"]
[TimeControl "180+1"]
[EndTime "9:21:26 PDT"]
[Termination "biveklama won by resignation"]

1. a4 e5 2. b3 Nf6 3. Bb2 Nc6 4.
d3 d5 5. Nf3 Bd6 6. Nc3 O-O 7. e4 d4 8. Nb1 Ne7 9. Be2 c5 10. Nbd2 Ng6 11. Nc4 Bc7 12. O-O Rb8 13. a5 b5 14. axb6 axb6 15. Bc1 h6 16. Bd2 Re8 17. Re1 b5 18. Na5 Bd7 19. b4 Ra8 20. Nb7 Rxa1 21. Qxa1 Qb8 22. Nxc5 Bc8 23. c3 dxc3 24.
Bxc3 Nd7 25. Nxd7 Bxd7 26. d4 Bg4 27. Nxe5 Bxe2 28. Rxe2 Nf4 29. Re1 Bxe5 30. dxe5 Re6 31. g3 Rg6 32. Rd1 Qc8 33. Bd2 Ne2+ 34. Kg2 Qc4 35.
Qa8+ Kh7 36. Be3 Nc3 37. Rd8 Re6 38. Rd4 Qe2 39. h4 Nd1 40. Qa3 Ra6 41. Qd3 Qe1 42. Qd2 Qf1+ 43. Kxf1 1-0

[Event "Early-Titled-Tuesday-Blitz-May-07-2024"]
[Site "Chess.com"]
[Date "2024.05.07"]
[Round "7"]
[White "pauliukevicius"]
[Black "ChainedDowntohell"]
[Result "0-1"]
[WhiteElo "2435"]
[BlackElo "2588"]
[TimeControl "180+1"]
[EndTime "9:21:29 PDT"]
[Termination "ChainedDowntohell won by resignation"]

1. e4 c5 2. Nf3 d6 3. c3 Nf6 4. h4 Bg4 5. d3 Nc6 6. Be2 e6 7. Nbd2 Be7 8. d4 cxd4 9. cxd4 Bxf3 10. Nxf3 Nxe4 11. Qa4 O-O 12. h5 Bf6 13. d5 exd5 14.
O-O Re8 15. Qd1 Nc5 16. Bb5 Qb6 17. a4 a6 18. Bxc6 bxc6 19. Bg5 Bxg5 20. Nxg5 h6 21. Nf3 Qxb2 22. Rb1 Qe2 23. Nd4 Qxd1 24. Rfxd1 Nxa4 25. Ra1 Nc3 26. Rd3 Ne2+ 27. Nxe2 Rxe2 28. Rc1 a5 29.
Rxc6 a4 30. Ra3 Rb2 31. Rxd6 Rb3 32. Ra2 a3 33. Rxd5 Rb2 34. Ra1 a2 35. Rdd1 Rab8 36. Rf1 Rc2 37. g3 Rb5 38. Kg2 Rxh5 39. Rfd1 Rf5 40.
Rf1 g5 41. Kg1 Kg7 42. Kg2 h5 43. Kg1 Kg6 44. Kg2 Rd5 45. Kg1 Rdd2 46. Kg2 Rb2 47. Kf3 f5 48. Ke3 g4 49. Rfc1 Rxf2 50. Rc6+ Kg5 51. Ra6 Rf3+ 52. Kd4 Rxg3 53. R1xa2 Rxa2 54. Rxa2 h4 55. Ke5 h3 56. Rf2 Re3+ 57. Kd4 Rf3 0-1

[Event "Early-Titled-Tuesday-Blitz-May-07-2024"]
[Site "Chess.com"]
[Date "2024.05.07"]
[Round "7"]
[White "ATM622"]
[Black "Statham_01"]
[Result "0-1"]
[WhiteElo "2509"]
[BlackElo "2675"]
[TimeControl "180+1"]
[EndTime "9:21:30 PDT"]
[Termination "Statham_01 won by resignation"]

1. d4 d5 2. c4 Nc6 3. e3 e5 4.
dxe5 Bb4+ 5. Bd2 Bxd2+ 6. Nxd2 Nxe5 7. cxd5 Nf6 8. Ngf3 Qxd5 9. Nxe5 Qxe5 10. Nf3 Qxb2 11. Bc4 Qc3+ 12. Nd2 Ne4 13. Rc1 Qxd2+ 14. Qxd2 Nxd2 15.
Kxd2 Bf5 16. e4 Bxe4 17. Rhe1 O-O-O+ 18. Kc3 Bd5 19. Bd3 Bxa2 20. Bf5+ Be6 21. Bxe6+ fxe6 22. Rxe6 Rhe8 23. Rce1 Rxe6 24. Rxe6 Kd7 25. Re3 Re8 26. Rh3 h6 27. Rg3 g5 28. Rh3 Re6 29. Kd4 Kd6 30.
Rd3 c5+ 31. Kc4+ Kc6 32. Rd8 b5+ 33. Kc3 b4+ 34. Kb3 Kb5 35. Rb8+ Rb6 36. Rc8 a5 37. g3 g4 38. Rg8 a4+ 39. Kb2 Rf6 40. Rxg4 Rxf2+ 41. Kb1 Rxh2 42. Rg8 a3 43. Rf8 b3 44. Rf1 Rb2+ 45.
Ka1 Rg2 46. Rh1 Kb4 47. g4 a2 48. g5 Ka3 0-1

[Event "Early-Titled-Tuesday-Blitz-May-07-2024"]
[Site "Chess.com"]
[Date "2024.05.07"]
[Round "7"]
[White "Kushch_Nikolai"]
[Black "ChadBiryani"]
[Result "1-0"]
[WhiteElo "2426"]
[BlackElo "2544"]
[TimeControl "180+1"]
[EndTime "9:21:30 PDT"]
[Termination "Kushch_Nikolai won on time"]

1. Nf3 f5 2. b3 Nf6 3. Bb2 d5 4. g3 c6 5. Bg2 Be6 6. O-O Bf7 7. d3 Nbd7 8. Nbd2 g6 9. e4 Bg7 10. exf5 gxf5 11. Re1 O-O 12. Ng5 Re8 13. f4 Qb6+ 14. d4 Ng4 15. Ndf3 e5 16. Nxf7 Kxf7 17. fxe5 Ngxe5 18. Nxe5+ Nxe5 19. Qh5+ Kg8 20. Kh1 Ng6 21. Qxf5 Bxd4 22.
Rxe8+ Rxe8 23. Rf1 Re7 24. Bxd5+ cxd5 25. Qxd5+ Qe6 26.
Qxe6+ Rxe6 27. Bxd4 Re2 28. Rf2 Re1+ 29. Kg2 a6 30. a4 Ne7 31. Bc3 Re3 32. Bd2 Re6 33.
c4 Nc6 34. Bc3 Re3 35. Rf3 Re2+ 36. Kh3 Ne7 37. g4 Ng6 38. Kg3 Rc2 39. h4 Ne7 40. h5 Nc6 41. g5 Rc1 42. Kg2 Rc2+ 43. Kh3 Rc1 44. g6 hxg6 45. hxg6 Rh1+ 46. Kg2 Rc1 47.
g7 Rxc3 48. Rd3 Kxg7 49. Rxc3 1-0

[Event "Early-Titled-Tuesday-Blitz-May-07-2024"]
[Site "Chess.com"]
[Date "2024.05.07"]
[Round "7"]
[White "slorovel"]
[Black "RobertoJBM"]
[Result "0-1"]
[WhiteElo "2520"]
[BlackElo "2863"]
[TimeControl "180+1"]
[EndTime "9:21:31 PDT"]
[Termination "RobertoJBM won by resignation"]

1. e4 c6 2. Nf3 d5 3. Nc3 dxe4 4. Nxe4 Bg4 5. h3 Bxf3 6. Qxf3 Nd7 7. d4 Ndf6 8.
Nxf6+ Nxf6 9. c3 Qd5 10. Be2 e6 11. O-O Qxf3 12. Bxf3 O-O-O 13. Bg5 Be7 14. Rad1 Nd5 15. Bxd5 Bxg5 16. Be4 Bf6 17. Rd3 Rd7 18. Rfd1 g6 19.
Kf1 Rhd8 20. Ke2 Kc7 21. Bf3 Bg7 22. Be4 Rf8 23. g3 Re8 24. f4 h5 25. h4 a5 26. a4 Rb8 27. c4 Rbd8 28. d5 exd5 29. cxd5 Re8 30. Re3 Bxb2 31. dxc6 Rxd1 32. Kxd1 bxc6 33.
Re2 Bd4 34. Kc2 Rb8 35. Kd3 Rb4 36. Rc2 c5 37. Rc4 Rb3+ 38. Ke2 Re3+ 0-1

[Event "Early-Titled-Tuesday-Blitz-May-07-2024"]
[Site "Chess.com"]
[Date "2024.05.07"]
[Round "7"]
[White "Strong_Prodigy"]
[Black "Chesmc"]
[Result "1-0"]
[WhiteElo "2491"]
[BlackElo "2133"]
[TimeControl "180+1"]
[EndTime "9:21:33 PDT"]
[Termination "Strong_Prodigy won by resignation"]

1. d4 d5 2. c4 c6 3. Nf3 Nf6 4. g3 Bf5 5. Nc3 e6 6. Nh4 Bg6 7. Nxg6 hxg6 8. Qd3 Nbd7 9. Bg2 Be7 10. O-O dxc4 11. Qxc4 Nb6 12. Qd3 Nbd5 13. e4 Nxc3 14.
bxc3 O-O 15. Rb1 Qc8 16. Bf4 Rd8 17. Qc4 Nh5 18. Be3 Nf6 19. a4 Ng4 20. Bf4 g5 21.
Bc1 Nh6 22. a5 Rb8 23. e5 Nf5 24. a6 b5 25. Qxc6 Qxc6 26. Bxc6 Rdc8 27. d5 exd5 28. Bd7 g6 29. Bxc8 Rxc8 30. Rxb5 Rxc3 31. Rxd5 Bc5 32.
Bd2 Rc2 33. Rc1 Rxc1+ 34. Bxc1 Bb6 35. Rd7 Kg7 36. e6 Kf6 37. exf7 Ke6 38. f8=Q Kxd7 39.
Qf7+ Kc6 40. Qxg6+ Nd6 41. Ba3 Bc5 42. Bxc5 Kxc5 43. Qxg5+ Kc6 1-0

[Event "Early-Titled-Tuesday-Blitz-May-07-2024"]
[Site "Chess.com"]
[Date "2024.05.07"]
[Round "7"]
[White "NovakCabarkapa"]
[Black "alexrustemov"]
[Result "0-1"]
[WhiteElo "2748"]
[BlackElo "2951"]
[TimeControl "180+1"]
[EndTime "9:21:35 PDT"]
[Termination "alexrustemov won by resignation"]

1. d4 d5 2. Nc3 Nf6 3. Bf4 c5 4.
e3 cxd4 5. exd4 a6 6. Nf3 Nc6 7. Ne5 e6 8. g3 Bd6 9. Bg2 Qc7 10. O-O O-O 11. Re1 b5 12. h4 Bb7 13. Qd3 Rac8 14.
Bf3 Nd7 15. Nxd7 Qxd7 16. Bxd6 Qxd6 17. a3 Na5 18. Ne2 Nc4 19. Rab1 a5 20. Nf4 b4 21. axb4 axb4 22. Nh5 h6 23. Bg2 Rc7 24. Qf3 Rfc8 25. Qg4 Qf8 26. Re2 Nd6 27. Rc1 Nf5 28. Nf6+ Kh8 29.
Nxd5 Rd7 30. Nb6 Rxd4 31. Qh5 g6 32. Nxc8 gxh5 33. Bxb7 Rd7 34. Ba6 Qc5 35. c3 Nxg3 36. Re3 Nf5 37. Ree1 Rd2 38. Rf1 Qc6 39. Bb5 0-1

[Event "Early-Titled-Tuesday-Blitz-May-07-2024"]
[Site "Chess.com"]
[Date "2024.05.07"]
[Round "7"]
[White "MateusViageiro"]
[Black "JaackCamel"]
[Result "1-0"]
[WhiteElo "2199"]
[BlackElo "2216"]
[TimeControl "180+1"]
[EndTime "9:21:35 PDT"]
[Termination "MateusViageiro won on time"]

1. e4 e6 2. Qe2 c5 3. f4 Nc6 4. Nf3 g6 5. d3 Bg7 6. g3 Nge7 7. Bg2 O-O 8. c3 b5 9. Be3 d6 10. Nbd2 Bb7 11. O-O b4 12. Rac1 a5 13. g4 f5 14. Ng5 Qd7 15. gxf5 exf5 16. Bh3 Rae8 17. Nc4 h6 18. Nf3 Qc7 19. cxb4 axb4 20. Qd2 Kh7 21. d4 fxe4 22. Nh4 Nf5 23. dxc5 Nxh4 24. cxd6 Qd8 25. d7 Re7 26. Bb6 Qb8 27. Rcd1 e3 28. Qe2 Rxf4 29. d8=Q Nxd8 30. Rxd8 Rxf1+ 31. Qxf1 Nf3+ 32. Qxf3 Qxd8 33. Bxd8 Bxf3 34. Bxe7 e2 35. Kf2 Bd4+ 36.
Ke1 b3 37. axb3 Bg1 38. Nd2 Bh5 39. Bd6 Bd4 40. Be6 1-0

[Event "Early-Titled-Tuesday-Blitz-May-07-2024"]
[Site "Chess.com"]
[Date "2024.05.07"]
[Round "7"]
[White "LeoWin2012"]
[Black "RobRam"]
[Result "0-1"]
[WhiteElo "2313"]
[BlackElo "2529"]
[TimeControl "180+1"]
[EndTime "9:21:36 PDT"]
[Termination "RobRam won by checkmate"]

1. e4 d6 2. d4 g6 3. Nc3 Bg7 4. Be3 a6 5. Qd2 Nd7 6. O-O-O b5 7. h4 h5 8. Nh3 Bb7 9. Ng5 Rc8 10. f3 c5 11. Kb1 c4 12. a3 Qa5 13. Bf2 b4 14. axb4 Qxb4 15. Qf4 Nh6 16. g4 Rb8 17.
Na2 Qa4 18. gxh5 gxh5 19. Rg1 e5 20. Qd2 Bf6 21. dxe5 Bxe5 22. Bd4 Bc6 23. Bxe5 dxe5 24. Qc3 Bb5 25. Bh3 Rb7 26. Bxd7+ Bxd7 27. Qxe5+ Kd8 28.
Qxh8+ Kc7 29. Qe5+ Kc8 30. Nh7 Qb5 31. Nf6 Qxe5 32. Nxd7 Qxb2# 0-1

[Event "Early-Titled-Tuesday-Blitz-May-07-2024"]
[Site "Chess.com"]
[Date "2024.05.07"]
[Round "7"]
[White "GMthekingindian"]
[Black "Denisenko_Denis"]
[Result "1-0"]
[WhiteElo "2261"]
[BlackElo "2377"]
[TimeControl "180+1"]
[EndTime "9:21:37 PDT"]
[Termination "GMthekingindian won by checkmate"]

1. d4 d5 2. Nf3 Nf6 3. g3 c6 4. Bg2 Bf5 5. c4 e6 6. Nc3 h6 7. Qb3 Qb6 8. c5 Qxb3 9. axb3 Nbd7 10. b4 a6 11. h3 Rc8 12. g4 Bh7 13. Bf4 Be7 14. Nd2 O-O 15. Nb3 Bd8 16. Bd6 Re8 17. f4 Ne4 18. Bxe4 Bxe4 19. Rg1 Bc2 20. Na5 Bxa5 21. Rxa5 f6 22. Kd2 Bh7 23. e3 e5 24.
f5 Kf7 25. Raa1 g6 26. fxg6+ Bxg6 27. Raf1 Kg7 28. Rf2 exd4 29. exd4 Re6 30. Ne2 Rce8 31. Ng3 Re3 32. Nf5+ Bxf5 33. gxf5+ Kh7 34. Rfg2 Nb8 35. Rg7+ Kh8 36. R1g2 Re2+ 37. Rxe2 Rxe2+ 38. Kxe2 Kxg7 39. Bxb8 h5 40. Bf4 Kf7 41. Kf3 Kg7 42. Kg3 Kh7 43. Kh4 Kg7 44. Kxh5 Kh7 45. Kg4 Kg7 46. Bc7 Kh7 47.
Kh5 Kg7 48. Bd8 Kh7 49. Bxf6 Kg8 50. Kg6 Kf8 51. h4 Kg8 52. h5 Kf8 53. h6 Ke8 54. h7 b5 55. h8=Q+ Kd7 56. Qd8# 1-0

[Event "Early-Titled-Tuesday-Blitz-May-07-2024"]
[Site "Chess.com"]
[Date "2024.05.07"]
[Round "7"]
[White "atomicmate123"]
[Black "shirovin"]
[Result "0-1"]
[WhiteElo "2243"]
[BlackElo "2088"]
[TimeControl "180+1"]
[EndTime "9:21:38 PDT"]
[Termination "shirovin won by resignation"]

1. e4 Nf6 2. e5 Nd5 3. d4 d6 4. Nf3 dxe5 5. Nxe5 c6 6. c4 Nb4 7. a3 Qxd4 8. Qxd4 Nc2+ 9. Kd1 Nxd4 10. Nd2 Bf5 11.
b4 a5 12. Bb2 Ne6 13. g4 Bg6 14. h4 h5 15. Nxg6 fxg6 16. g5 Nd7 17. Bd3 Nf4 18. Bc2 axb4 19. axb4 Rxa1+ 20. Bxa1 e5 21. c5 Be7 22.
Nc4 O-O 23. Nxe5 Nxe5 24. Bxe5 Nd5 25. Ke2 Nxb4 26. Bxg6 Bxc5 27. f4 Nd5 28. Rb1 b6 29. Ra1 Nxf4+ 30. Bxf4 Rxf4 31. Ra8+ Rf8 32. Ra7 Rc8 33.
Kd3 b5 34. Kc3 Bxa7 35. Kb4 Rc7 36. Bf5 Bb6 37. Be4 Re7 38. Bd3 Re5 39. g6 Re3 40.
Bc2 Rh3 41. Be4 Rxh4 42. Kb3 Rxe4 0-1

[Event "Early-Titled-Tuesday-Blitz-May-07-2024"]
[Site "Chess.com"]
[Date "2024.05.07"]
[Round "7"]
[White "Daaksboy"]
[Black "DarZay"]
[Result "0-1"]
[WhiteElo "2486"]
[BlackElo "2354"]
[TimeControl "180+1"]
[EndTime "9:21:39 PDT"]
[Termination "DarZay won on time"]

1. d4 d5 2. c4 e6 3. Nc3 Be7 4. Bf4 Nf6 5. e3 c6 6. Nf3 Ne4 7. Nxe4 dxe4 8. Nd2 f5 9. h3 Nd7 10. Be2 Nf6 11. Qc2 O-O 12. O-O-O Qa5 13. Kb1 b5 14.
Nb3 Qa4 15. g4 Ba6 16. g5 Nd7 17. d5 bxc4 18. Nd4 Qxc2+ 19. Kxc2 e5 20. dxc6 exd4 21. exd4 Nb6 22. d5 Bc5 23. d6 Bb5 24. c7 Bxf2 25. Kc3 a5 26. b3 Bc5 27. bxc4 Bb4+ 28. Kd4 Bc6 29. c5 Na4 30. Bc4+ Kh8 31. Be5 Bc3+ 32.
Ke3 Bxe5 33. Bd5 Bd7 34. Bxa8 Rxa8 35. Rb1 Rc8 36. Rb8 Nxc5 37. Rd1 f4+ 38. Kf2 Nd3+ 39. Kf1 Bxd6 40. Rxc8+ Bxc8 41. Rb1 Bxc7 0-1

[Event "Early-Titled-Tuesday-Blitz-May-07-2024"]
[Site "Chess.com"]
[Date "2024.05.07"]
[Round "7"]
[White "Aleksandar-Topalov"]
[Black "dzhumagaliev"]
[Result "0-1"]
[WhiteElo "2394"]
[BlackElo "2843"]
[TimeControl "180+1"]
[EndTime "9:21:39 PDT"]
[Termination "dzhumagaliev won on time"]

1. b3 a5 2. a3 c5 3. c4 b6 4. Bb2 Bb7 5. Nf3 Nf6 6. g3 d5 7.
cxd5 Nxd5 8. Bg2 e6 9. O-O Nd7 10. d3 N7f6 11. Nbd2 Be7 12. Nc4 b5 13. Ncd2 O-O 14. a4 b4 15. Nc4 Nd7 16. e4 N5b6 17. Qe2 Qc7 18. Nfd2 Bf6 19. e5 Be7 20. f4 Bxg2 21.
Qxg2 Rad8 22. Ne4 f5 23. Ned6 Nd5 24. Rfe1 N7b6 25. Nxa5 Bxd6 26. exd6 Rxd6 27. Nc4 Nxc4 28. dxc4 Nc3 29. a5 Rfd8 30. a6 Qa7 31. Qb7 R8d7 32. Qc8+ Kf7 33. Ra5 Rc7 34. Qh8 h6 35.
Re3 Rxa6 36. Rxa6 Qxa6 37. Qd8 Qc6 38. Bxc3 bxc3 39. Rxc3 Rd7 40. Qb8 Qe4 0-1

[Event "Early-Titled-Tuesday-Blitz-May-07-2024"]
[Site "Chess.com"]
[Date "2024.05.07"]
[Round "7"]
[White "Polish_fighter3000"]
[Black "klimkoj"]
[Result "1-0"]
[WhiteElo "3108"]
[BlackElo "2931"]
[TimeControl "180+1"]
[EndTime "9:21:40 PDT"]
[Termination "Polish_fighter3000 won by resignation"]

1. c4 Nf6 2. b3 e5 3. Bb2 Nc6 4. e3 d5 5. cxd5 Nxd5 6. a3 Bd6 7. Qc2 O-O 8. Nf3 Qe7 9. d3 f5 10. Nbd2 Be6 11. g3 f4 12. gxf4 exf4 13. e4 Ne3 14.
Qc3 Bc5 15. b4 Bb6 16. Rg1 Nd4 17. fxe3 fxe3 18. Nxd4 exd2+ 19. Kxd2 Rf2+ 20. Be2 Rf7 21. Nxe6 Bxg1 22. Rxg1 Qxe6 23. Rxg7+ Kf8 24. Qc5+ Qd6 25.
Qxd6+ cxd6 26. Rxf7+ Kxf7 27. Bh5+ Ke6 28. Bg4+ Ke7 29.
Bd4 a6 30. h3 Rf8 31. Bf5 h5 32. Be3 Rg8 33. h4 d5 34. e5 Rg2+ 35. Kc3 Ra2 36.
Bg5+ Kf8 37. e6 Rxa3+ 38. Kd4 1-0

[Event "Early-Titled-Tuesday-Blitz-May-07-2024"]
[Site "Chess.com"]
[Date "2024.05.07"]
[Round "7"]
[White "Silvederione"]
[Black "PavelShkapenko"]
[Result "0-1"]
[WhiteElo "2506"]
[BlackElo "2726"]
[TimeControl "180+1"]
[EndTime "9:21:40 PDT"]
[Termination "PavelShkapenko won by checkmate"]

1. d4 d5 2. Nc3 Nf6 3. Bf4 c5 4. e3 cxd4 5. exd4 a6 6. Nf3 Nc6 7. Ne5 e6 8. Nxc6 bxc6 9. Na4 Bd6 10. Bxd6 Qxd6 11. Bd3 e5 12. dxe5 Qxe5+ 13. Qe2 Qxe2+ 14. Kxe2 Ke7 15. Rhe1 Kd6 16. f3 Rb8 17. c4 a5 18.
Kd2 Be6 19. Rac1 Rb4 20. cxd5 Nxd5 21. b3 Nf4 22. Bf1 Rd8 23. Ke3 Nd5+ 24. Kf2 Rd4 25. Nc5 Bc8 26. Ne4+ Kc7 27. Rc5 Kb6 28. Rec1 Bb7 29.
R5c2 Nb4 30. Re2 Nd3+ 31. Ke3 Nxc1 32. Rc2 Nd3 33. Nc5 Nb4 34. Rc1 R4d5 35. Na4+ Ka7 36. Bc4 Re5+ 37. Kf4 f6 38. g4 Nd3+ 39. Bxd3 Rxd3 40.
Rc4 c5 41. Nxc5 Rxf3# 0-1

[Event "Early-Titled-Tuesday-Blitz-May-07-2024"]
[Site "Chess.com"]
[Date "2024.05.07"]
[Round "7"]
[White "Sofia_Blokhin"]
[Black "pfalcon1949"]
[Result "1-0"]
[WhiteElo "2269"]
[BlackElo "1948"]
[TimeControl "180+1"]
[EndTime "9:21:40 PDT"]
[Termination "Sofia_Blokhin won on time"]

1. d4 Nf6 2. c4 e6 3. Nc3 d5 4. Nf3 Be7 5. e3 O-O 6. Bd3 b6 7. cxd5 exd5 8. Ne5 c5 9. O-O Bb7 10.
f4 Nc6 11. Qf3 cxd4 12. exd4 Nxd4 13. Qh3 Bc5 14. Kh1 Ne6 15. Ng4 g6 16. Ne5 d4 17.
f5 dxc3 18. fxe6 Nh5 19. exf7+ Kg7 20. bxc3 Qd5 21. Ng4 Rxf7 22. Bh6+ Kg8 23. c4 Qe6 24. Rxf7 Qxf7 25. Rf1 Qe7 26. Bd2 Re8 27. Nh6+ Kh8 28. Bc3+ Ng7 29. Bxg6 hxg6 30. Nf7+ 1-0

[Event "Early-Titled-Tuesday-Blitz-May-07-2024"]
[Site "Chess.com"]
[Date "2024.05.07"]
[Round "7"]
[White "Gumugama"]
[Black "Eloist"]
[Result "1-0"]
[WhiteElo "2268"]
[BlackElo "2393"]
[TimeControl "180+1"]
[EndTime "9:21:42 PDT"]
[Termination "Gumugama won by checkmate"]

1. e4 e6 2. d4 d5 3. e5 c5 4. c3 Qb6 5. Nf3 Bd7 6. Bd3 cxd4 7. O-O Nc6 8. Re1 Nge7 9. h4 h6 10. h5 Nc8 11. Nbd2 dxc3 12. bxc3 Bc5 13. Qe2 Qc7 14. Nb3 Bb6 15. Ba3 N8e7 16. Nbd4 Nxd4 17. cxd4 Bc6 18. Bd6 Qd7 19. a4 Ba5 20. Rec1 O-O 21. Bc2 f5 22. exf6 Qxd6 23. fxe7 Qxe7 24. Qd3 Rf5 25. g4 Rxf3 26. Qxf3 Qg5 27. Qe2 Rf8 28. Qxe6+ Kh8 29. Qg6 Qxg6 30. hxg6 Rf4 31. Bf5 Rxd4 32. Rab1 Kg8 33. Rxc6 bxc6 34. Rb8+ Bd8 35. Rxd8# 1-0

[Event "Early-Titled-Tuesday-Blitz-May-07-2024"]
[Site "Chess.com"]
[Date "2024.05.07"]
[Round "7"]
[White "IlanSchnaider"]
[Black "IMGC"]
[Result "1-0"]
[WhiteElo "2729"]
[BlackElo "2511"]
[TimeControl "180+1"]
[EndTime "9:21:43 PDT"]
[Termination "IlanSchnaider won by resignation"]

1. Nf3 Nf6 2. g3 d5 3. Bg2 c6 4. O-O Bg4 5. Ne5 Bf5 6. c4 e6 7. d4 Nbd7 8. Bf4 Nxe5 9. Bxe5 Be7 10. Nd2 O-O 11. Re1 Qb6 12. Qc1 Nd7 13. c5 Qa5 14.
Bf4 e5 15. Nb3 Qc7 16. dxe5 Nxe5 17. Nd4 Bg6 18. e4 dxe4 19. Bxe4 Bxe4 20. Rxe4 Bf6 21. Qe3 Rfe8 22. Re1 Rad8 23. Bxe5 Bxe5 24. Rxe5 Rxe5 25.
Qxe5 Qxe5 26. Rxe5 Kf8 27. Nb3 f6 28. Re2 Kf7 29.
Kg2 Rd3 30. Na5 Rd7 31. Re3 Rc7 32. Rb3 b6 33. cxb6 axb6 34. Rxb6 c5 35. Rc6 Ra7 36.
Rxc5 1-0

[Event "Early-Titled-Tuesday-Blitz-May-07-2024"]
[Site "Chess.com"]
[Date "2024.05.07"]
[Round "7"]
[White "ahmedkandiliii"]
[Black "NastyaHn"]
[Result "1-0"]
[WhiteElo "2647"]
[BlackElo "2479"]
[TimeControl "180+1"]
[EndTime "9:21:43 PDT"]
[Termination "ahmedkandiliii won on time"]

1. Nf3 Nf6 2. g3 e6 3. Bg2 d5 4. O-O Be7 5. d4 O-O 6. c4 dxc4 7. Qc2 a6 8. a4 Bd7 9. Qxc4 Bc6 10. Nc3 Nbd7 11.
Qd3 Bb4 12. Bg5 h6 13. Bf4 a5 14. Rac1 Nb6 15. Nb5 Nbd5 16. Be5 Rc8 17. Na7 Ra8 18. Nxc6 bxc6 19. Rxc6 Bd6 20. Qc4 Nb4 21. Bxd6 cxd6 22. Rc7 d5 23. Qc5 Ne4 24. Qe7 Qxe7 25. Rxe7 Rfc8 26. Ne5 Nd6 27. Rd7 Ra6 28. Bh3 Rc2 29. e3 Rxb2 30. Rd8+ Kh7 31. Rc1 Rc2 32. Rxc2 Nxc2 33.
Nd7 Nb7 34. Rb8 Nd6 35. Bf1 Nb4 36. Bxa6 Nxa6 37. Rb6 1-0

[Event "Early-Titled-Tuesday-Blitz-May-07-2024"]
[Site "Chess.com"]
[Date "2024.05.07"]
[Round "7"]
[White "Ginger_GM"]
[Black "UF_10"]
[Result "1-0"]
[WhiteElo "2656"]
[BlackElo "2506"]
[TimeControl "180+1"]
[EndTime "9:21:44 PDT"]
[Termination "Ginger_GM won by resignation"]

1. Nf3 d6 2. c4 Bg4 3. Nc3 Nc6 4. e3 e5 5. h3 Bh5 6. g4 Bg6 7. d4 Be7 8. h4 h5 9. g5 Bf8 10. Qb3 Rb8 11. d5 Nce7 12. e4 a6 13. Be3 c5 14. dxc6 bxc6 15. Qa4 Rxb2 16. O-O-O Rb8 17. c5 Nc8 18. Nxe5 Nge7 19. Bh3 Rb7 20. Nxc6 Qc7 21. Na5+ Kd8 22. Nxb7+ Qxb7 23. cxd6 Nc6 24. Nd5 Bxd6 25. Bxc8 Kxc8 26. Nb6+ Kc7 27. Rxd6 Kxd6 28. Rd1+ Ke7 29. Rd7+ Qxd7 30. Nxd7 Kxd7 31. Qxa6 Bxe4 32. Qc4 Bg6 33.
Qd5+ Kc7 34. Bf4+ Kb7 35. Qb5+ 1-0

[Event "Early-Titled-Tuesday-Blitz-May-07-2024"]
[Site "Chess.com"]
[Date "2024.05.07"]
[Round "7"]
[White "IriBu"]
[Black "andrzej"]
[Result "0-1"]
[WhiteElo "2575"]
[BlackElo "2470"]
[TimeControl "180+1"]
[EndTime "9:21:45 PDT"]
[Termination "andrzej won by checkmate"]

1. e4 e5 2. Nf3 Nf6 3. Nc3 Bb4 4.
Bd3 O-O 5. O-O d6 6. a3 Ba5 7. b4 Bb6 8. Na4 d5 9. Nxb6 axb6 10. Nxe5 dxe4 11. Be2 Qd4 12. Nc4 Qxa1 13. c3 Be6 14.
Qc2 b5 15. Bb2 Qa2 16. Ra1 Qxa1+ 17. Bxa1 bxc4 18. a4 b5 19. a5 Nc6 20. f3 Bf5 21.
Qc1 Ne5 22. fxe4 Bxe4 23. Bb2 Nd3 24. Qa1 Ra6 25. h3 Re8 26. Bxd3 Bxd3 27. Kh2 Ne4 28. Qg1 Nxd2 29. Qd4 Nf1+ 30. Kg1 Rd6 31. Qc5 Rg6 32.
Qxb5 c6 33. Qc5 Ng3 34. Qf2 Re2 35. Qb6 Re1+ 36. Kf2 Rf1+ 37. Ke3 Re6+ 38. Kd4 Ne2+ 39. Kc5 Rf5# 0-1

[Event "Early-Titled-Tuesday-Blitz-May-07-2024"]
[Site "Chess.com"]
[Date "2024.05.07"]
[Round "7"]
[White "viktorgen2021"]
[Black "N_I_Chess"]
[Result "1-0"]
[WhiteElo "2506"]
[BlackElo "2334"]
[TimeControl "180+1"]
[EndTime "9:21:46 PDT"]
[Termination "viktorgen2021 won on time"]

1. e4 Nf6 2. e5 Nd5 3. Nc3 Nb6 4. f4 d6 5. d4 g6 6. Nf3 Bg7 7. h3 O-O 8. Bd3 dxe5 9. dxe5 Nc6 10. O-O Be6 11.
b3 Nd4 12. Be4 Nxf3+ 13. Qxf3 c6 14. Be3 Nd5 15. Rad1 Qa5 16. Nxd5 cxd5 17. Bxd5 Bxd5 18. Rxd5 Qxa2 19. Rd2 Rac8 20. Rff2 b6 21. Qb7 e6 22. Kh2 Rfd8 23. Rd6 Bf8 24. Rd7 Rxd7 25. Qxc8 Rd1 26. f5 Qa5 27. Qb8 Qd5 28. Bh6 Qd8 29. Qxd8 Rxd8 30.
Bxf8 Kxf8 31. fxe6 Re8 32. Rxf7+ Kg8 33. Rxa7 Rxe6 34. Rb7 h6 35. Kg3 Kf8 36. Kf4 Ke8 37. Ke4 Kd8 38. Kd5 Re8 39. Kd6 1-0

[Event "Early-Titled-Tuesday-Blitz-May-07-2024"]
[Site "Chess.com"]
[Date "2024.05.07"]
[Round "7"]
[White "lamomiajunior"]
[Black "chess123456s"]
[Result "0-1"]
[WhiteElo "2802"]
[BlackElo "2636"]
[TimeControl "180+1"]
[EndTime "9:21:47 PDT"]
[Termination "chess123456s won by resignation"]

1. d4 d5 2. Nc3 Nf6 3. Bf4 c5 4. e4 Nxe4 5. Bb5+ Nc6 6. Nxe4 dxe4 7. Ne2 cxd4 8. Nxd4 Bd7 9. Bxc6 bxc6 10. O-O g6 11. Qe2 Bg7 12. Qxe4 O-O 13. Rfd1 Qb6 14. Nb3 Bf5 15.
Qc4 Rfd8 16. h3 Bxb2 17. Rab1 Bg7 18. Re1 Qb5 19. Qxb5 cxb5 20. Nc5 Rac8 21. Rxb5 Rd5 22. Be3 a6 23. Rb6 Rdxc5 24. Bxc5 Rxc5 25. Rxe7 Bd4 26. Re2 Ra5 27. Rb8+ Kg7 28. c4 Be6 29. Rb7 Bxc4 30. Rd2 Bf6 31. Rb6 Bb5 32. Rdd6 Be5 33. Rd2 Ra3 34. g3 Bc3 35. Rb7 Bxd2 0-1

[Event "Early-Titled-Tuesday-Blitz-May-07-2024"]
[Site "Chess.com"]
[Date "2024.05.07"]
[Round "7"]
[White "betta2004"]
[Black "Crasmus"]
[Result "1-0"]
[WhiteElo "2545"]
[BlackElo "2366"]
[TimeControl "180+1"]
[EndTime "9:21:48 PDT"]
[Termination "betta2004 won by resignation"]

1. d4 c5 2. d5 e6 3. e4 exd5 4. exd5 d6 5. Nc3 Nf6 6. Nf3 g6 7. Bf4 Bg7 8. Bc4 O-O 9. O-O a6 10. a4 h6 11. h3 Nh5 12. Bh2 Qf6 13. Ne4 Qxb2 14. Rb1 Qa3 15. Bxd6 Re8 16. Bxc5 Qxa4 17. Nd6 Rd8 18. Re1 Rxd6 19. Bxd6 Qxc4 20. Re8+ Kh7 21. Rb4 Qc3 22. Qe2 Nf6 23. Rd8 Nbd7 24. Rc4 Qa1+ 25. Kh2 Nb6 26. Be5 Qa2 27. Rc7 Nbxd5 28. Rxf7 b5 29. Bxf6 Nxf6 30. Qe7 Nh5 31. g4 Be6 32. Rxg7+ Nxg7 33. Rxa8 Qxc2 34. Kg3 Bd5 35. Ra7 Qc3 36. Qf8 Bxf3 37. Qxf3 Qe5+ 38. Kg2 Qd6 39. Qf7 Qd4 40.
Rxa6 b4 41. Qxg6+ Kg8 42. Ra8+ 1-0

[Event "Early-Titled-Tuesday-Blitz-May-07-2024"]
[Site "Chess.com"]
[Date "2024.05.07"]
[Round "7"]
[White "KnightDuta"]
[Black "RantomOpening"]
[Result "1-0"]
[WhiteElo "2726"]
[BlackElo "2508"]
[TimeControl "180+1"]
[EndTime "9:21:49 PDT"]
[Termination "KnightDuta won by checkmate"]

1. e4 c5 2. Nf3 e6 3. d4 cxd4 4.
Nxd4 Nf6 5. Nc3 Nc6 6. Ndb5 Bc5 7. Nd6+ Ke7 8. Bf4 e5 9. Nf5+ Kf8 10. Bg5 d6 11.
Ne3 h6 12. Bxf6 Qxf6 13. Ncd5 Qh4 14. Bd3 Be6 15. O-O Rc8 16. c3 g6 17. b4 Bxe3 18.
Nxe3 Kg7 19. Bc2 Rhd8 20. Qd3 Ne7 21. Bb3 Qf6 22. Rfd1 a6 23. Rd2 Bxb3 24. axb3 Qe6 25. c4 Nc6 26. Nc2 b5 27. Rxa6 Nb8 28. Rb6 bxc4 29. bxc4 Qxc4 30. Qxc4 Rxc4 31. f3 Rdc8 32. Ne3 Rc3 33. Kf2 Nc6 34. Rxd6 Nd4 35. Rd7 R8c7 36.
Rd8 Rb3 37. Rbb8 Rb2+ 38. Kg3 h5 39. Rg8+ Kf6 40. Nd5+ Kg5 41. h4+ Kh6 42. Rh8+ Kg7 43. Rbg8# 1-0